 Dungeon Crawl Stone Soup version 0.29-a0-615-gdeedd76 (webtiles) character file.

Game seed: 17437403866790296731

1126 Illumine the Cleaver (level 8, 0/70 HPs)
             Began as a Meteoran Fighter on June 18, 2022.
             Was a Follower of Makhleb.
             Slain by a red devil
             ... wielding a +0 trident
             ... summoned by a kobold demonologist
              (12 damage)
             ... on level 9 of the Dungeon.
             The game lasted 00:11:47 (1998 turns).

Illumine the Cleaver (Meteoran Fighter)             Turns: 1998, Time: 00:11:47

Health: 0/70       AC:  9    Str: 19    XL:     8   Next: 93%
Magic:  12/12      EV: 10    Int: 10    God:    Makhleb [*.....]
Gold:   293        SH:  5    Dex: 14    Spells: 7/7 levels left

rFire   . . .      SeeInvis .   a - +0 war axe
rCold   . . .      Faith    +   c - +0 buckler
rNeg    . . .      Spirit   .   y - +1 ring mail {rPois}
rPois   +          Reflect  .   (no helmet)
rElec   .          Harm     .   t - +0 cloak
rCorr   .          Rampage  .   (no gloves)
Will    +....                   u - +0 pair of boots
Stlth   +.........              p - amulet of faith
HPRegen 0.21/turn               (no ring)
MPRegen 0.13/turn               (no ring)

@: about to teleport, spiked, glowing
A: sense surroundings 1, otherworldly, glowing, explore regen
a: Renounce Religion


You were on level 9 of the Dungeon.
You worshipped Makhleb.
Makhleb was aware of your devotion.
You visited 2 branches of the dungeon, and saw 10 of its levels.

You collected 293 gold pieces.

Inventory:

Hand Weapons
 a - a +0 war axe (weapon)
 v - a +0 shortbow
Missiles
 m - 13 poisoned darts
 n - 7 boomerangs (quivered)
Armour
 b - a +0 scale mail
 c - a +0 buckler (worn)
 t - a +0 cloak (worn)
 u - a +0 pair of boots (worn)
 y - a +1 ring mail of poison resistance (worn)
Jewellery
 g - a ring of ice
 p - an amulet of faith (around neck)
Wands
 r - a wand of paralysis (6)
Scrolls
 f - a scroll of amnesia
 h - a scroll of fog {unknown}
 i - a scroll of immolation
 j - a scroll of brand weapon {unknown}
 o - 2 scrolls of noise
 q - a scroll of vulnerability
 s - a scroll of fear {unknown}
 w - a scroll of identify {unknown}
 x - a scroll of summoning {unknown}
Potions
 e - a potion of ambrosia {unknown}
 k - a potion of curing
 l - 2 potions of heal wounds {unknown}


   Skills:
 + Level 5.9 Fighting
 * Level 8.0 Axes
 + Level 6.2 Armour
 - Level 4.0 Shields
 - Level 4.0 Invocations


You had 7 spell levels left.
You didn't know any spells.
Your spell library contained the following spells:

 Spells                   Type           Power      Damage    Failure   Level
 Freeze                   Ice            0%         1d3       63%         1
 Necrotize                Necr           0%         1d4       63%         1
 Ensorcelled Hibernation  Hex/Ice        0%         N/A       77%         2
 Passwall                 Tmut/Erth      0%         N/A       77%         2
 Frozen Ramparts          Ice            0%         1d2       94%         3
 Swiftness                Air            0%         N/A       94%         3
 Vampiric Draining        Necr           0%         2d6       94%         3
 Hailstorm                Conj/Ice       0%         3d3       100%        4
 Agony                    Necr           0%         N/A       100%        5


Dungeon Overview and Level Annotations

Branches:
Dungeon (9/15) Zot: 3447   Temple (1/1) D:4 Zot: 493
   Lair: D:8-11         Orc: D:9-12

Altars:
Cheibriados
Elyvilon
Fedhas
Hepliaklqana
Kikubaaqudgha
Makhleb
Okawaru
Qazlal
Trog
Uskayaw
Wu Jian
Xom
Yredelemnul

Shops:
D:5 :

Annotations:
D:8 1 runed translucent door, edsrzf's ghost, novice MeTm


Innate Abilities, Weirdness & Mutations

You passively map a small area around you.
You are easily found by Zot.
You glow in the dark.
You regain HP and MP as you explore.


Message History

The ufetubus hits you but does no damage.
The shadow imp hits you.
The white imp hits you but does no damage.
The hellwing hits you but does no damage.
The hellwing hits you.
The kobold demonologist looks braver for a moment.
The red devil hits you from afar with a +0 trident.
Barbed spikes become lodged in your body.
You slash the kobold demonologist!
The kobold demonologist is moderately wounded.
You hit the hellwing but do no damage. You slash the ufetubus!
You kill the ufetubus!
The ufetubus disappears in a puff of smoke!
You slash the white imp! You hit the shadow imp. The white imp gestures at you.
The puff of frost hits you. The shadow imp gestures at you.
You resist with significant effort. The hellwing completely misses you.
The hellwing hits you.
The kobold demonologist mumbles some strange words.
The red devil hits you from afar with a +0 trident!!
Barbed spikes become lodged in your body.
You slash the kobold demonologist!
The kobold demonologist is heavily wounded.
You barely miss the shadow imp. You slash the white imp!
You kill the white imp!
The white imp disappears in a puff of smoke!
You slash the hellwing! The shadow imp hits you.
The hellwing hits you but does no damage.
You block the hellwing's attack.
The kobold demonologist hits you but does no damage.
The red devil hits you from afar with a +0 trident!!
* * * LOW HITPOINT WARNING * * *
Barbed spikes become lodged in your body.
Unknown command.
You feel better. The shadow imp barely misses you.
The hellwing barely misses you. The hellwing misses you.
The kobold demonologist mumbles some strange words.
The red devil hits you from afar with a +0 trident!
You die...

##.#########.....................
.'.##..#....##'#########...###...
.#.....#..K.#......#* ,* * #.#.
.#######....###.#### , , #... .#
#....###...+.# ,* #... .# #....#
#.#.#.. ,#.#. .# #....#
#...##+##########+##... .# ######
##....K4............... .#
#.#.5@5.)).....>....#. .#########
#...4.54.)............ .........#
#...########'#######.. .##...##.#
#.#.#..........# #.. .........# #
?,#...######## #..
.....###########...##### #..
####.'.................# ..
####.#.................+
.....#'###+#####'#######. **


You could see a hellwing (summoned), a kobold demonologist, a chaos spawn
(summoned), a red devil (summoned), a white imp (summoned) and 2 shadow imps.

Vanquished Creatures
  A sky beast (D:7)
  A black bear (D:5)
  2 centaurs
  2 kobold brigands (D:8)
  A phantom (D:6)
  2 bullfrogs
  A wight (D:8)
  3 howler monkeys (D:9)
  A hound (D:5)
  3 jellies (D:7)
  2 iguanas
  An orc wizard (D:9)
  3 adders
  A shadow imp (D:7)
  An ufetubus (D:6)
  3 worms
  6 orcs
  3 ball pythons
  2 endoplasms (D:4)
  3 goblins
  A hobgoblin (D:1)
  2 bats
  9 kobolds
  4 rats
58 creatures vanquished.

Notes
Turn   | Place    | Note
-------+----------+-------------------------------------------
     0 | D:1      | Illumine the Meteoran Fighter began the quest for the Orb.
     0 | D:1      | Reached XP level 1. HP: 19/19 MP: 2/2
    90 | D:1      | Reached XP level 2. HP: 26/26 MP: 3/3
   131 | D:2      | Reached skill level 3 in Axes
   178 | D:2      | Reached XP level 3. HP: 29/31 MP: 4/4
   359 | D:4      | Found a staircase to the Ecumenical Temple.
   368 | D:4      | Reached XP level 4. HP: 35/40 MP: 5/5
   370 | Temple   | Entered the Ecumenical Temple
   457 | Temple   | Became a worshipper of Makhleb the Destroyer
   536 | D:5      | Entered Level 5 of the Dungeon
   561 | D:5      | Noticed a black bear
   569 | D:5      | Reached skill level 4 in Axes
   569 | D:5      | Reached skill level 1 in Invocations
   569 | D:5      | Reached XP level 5. HP: 20/46 MP: 6/6
   570 | D:5      | HP: 1/46 [black bear (4)]
   571 | D:5      | Killed a black bear
   572 | D:5      | Reached XP level 6. HP: 1/52 MP: 6/8
   887 | D:5      | Found Gief's Book Boutique.
   937 | D:6      | Noticed a two-headed ogre
   981 | D:6      | Reached skill level 5 in Axes
  1046 | D:6      | Noticed a centaur
  1056 | D:6      | Killed a centaur
  1057 | D:6      | Reached XP level 7. HP: 42/60 MP: 8/10
  1427 | D:7      | Reached skill level 6 in Axes
  1427 | D:7      | Reached skill level 5 in Armour
  1440 | D:7      | Reached skill level 5 in Fighting
  1584 | D:8      | Reached * piety under Makhleb
  1604 | D:8      | Reached XP level 8. HP: 47/68 MP: 11/11
  1608 | D:8      | Found a runed translucent door.
  1609 | D:8      | Noticed edsrzf's ghost (novice MeTm)
  1611 | D:8      | Noticed a wraith
  1695 | D:8      | Reached skill level 7 in Axes
  1874 | D:9      | Reached skill level 8 in Axes
  1978 | D:9      | Noticed a kobold demonologist
  1990 | D:9      | Noticed a hellwing
  1995 | D:9      | Noticed a red devil
  1998 | D:9      | Slain by a red devil

Illustrated notes

Levels and vault maps discovered:
D:1:      dpeg_arrival_subterranean_lakeside_camping, layout_loops_ring
D:2:      layout_basic, fountainhead
D:3:      layout_loops_ring
D:4:      layout_basic, minmay_temple_entry_ruins, st_stairs_12,
          grunt_decor_resistance
D:5:      layout_basic, serial_shops, shop
D:6:      minmay_flawed_box, layout_gridville, minmay_manual_mares
D:7:      layout_basic, uniq_crazy_yiuf_cottage
D:8:      layout_gridville, nicolae_dithmenos_shadow_blocks,
          ebering_ghost_inner_flame, hangedman_decor_slide_cut,
          kennysheep_windowed_goal
D:9:      layout_stronghold, erik_lair_dragon, ebering_ghost_gozag,
          dk_vineyard_3
Temple:   mainiacjoe_temple_circle_huts

Skill      XL: |  1  2  3  4  5  6  7  8 |
---------------+-------------------------+-----
Axes           | 3 4 5 6 8 |  8.0
Shields        | 4 |  4.0
Invocations    | 1 2 3 4 |  4.0
Fighting       | 4 5 |  5.9
Armour         | 4 5 6 |  6.2

Action                   |  1- 3 |  4- 6 |  7- 9 || total
-------------------------+-------+-------+-------++-------
Melee: War axe           |    51 |    47 |   119 ||   217
Throw: Dart              |       |     3 |       ||     3
       Boomerang         |       |       |     9 ||     9
Evoke: Wand              |       |       |     2 ||     2
  Use: Potion            |       |     1 |     2 ||     3
       Scroll            |       |     1 |     4 ||     5
Armor: Scale mail        |    29 |    34 |    54 ||   117
       Ring mail         |       |       |    11 ||    11
Dodge: Dodged            |    22 |    30 |    55 ||   107
Block: Buckler           |    16 |    17 |    21 ||    54

Table legend: (Time is in decaauts)
 A = Elapsed time spent in this place.
 B = Non-inter-level travel time spent in this place.
 C = Inter-level travel time spent in this place.
 D = Time resting spent in this place.
 E = Time spent auto-exploring this place.
 F = Levels seen in this place.
 G = Mean time per level.
                   A        B        C        D        E       F      G
               +--------+--------+--------+--------+--------+-----+--------+
         Total |   2058 |   1907 |    151 |     36 |    560 |  10 |  205.8 |
       Dungeon |   1951 |   1818 |    133 |     36 |    490 |   9 |  216.8 |
        Temple |    106 |     88 |     18 |      0 |     70 |   1 |  106.0 |
               +--------+--------+--------+--------+--------+-----+--------+

Top non-repeatable levels by time:
     D:7: 471 daAuts
     D:5: 316 daAuts
     D:9: 252 daAuts
     D:8: 225 daAuts
     D:4: 187 daAuts
     D:2: 148 daAuts
     D:6: 126 daAuts
     D:3: 115 daAuts
     D:1: 108 daAuts
  Temple: 106 daAuts
